 Dungeon Crawl Stone Soup version 0.30-a0-908-g5a111fc481 (webtiles) character file.

Game seed: 10761460515153117124

2653 jt the Basher (level 9, -11/57 HPs)
             Began as a Kobold Fighter on Mar 19, 2023.
             Was a Priest of Dithmenos.
             Mangled by a komodo dragon (22 damage)
             ... on level 8 of the Dungeon.
             The game lasted 00:28:18 (8753 turns).

jt the Basher (Kobold Fighter)                      Turns: 8753, Time: 00:28:19

Health: -11/57     AC: 15    Str: 17    XL:     9   Next: 93%
Magic:  9/9        EV: 12    Int:  9    God:    Dithmenos [***...]
Gold:   132        SH:  5    Dex: 15    Spells: 8/8 levels left

rFire   . . .      SeeInvis +    a - +0 flail (protect)
rCold   . . .      Faith    .    c - +0 buckler
rNeg    . . .      Spirit   .    I - +0 steam dragon scales
rPois   .          Reflect  .    (no helmet)
rElec   .          Rampage  .    p - +1 cloak
rCorr   .                        M - +0 pair of gloves
Will    .....                    (no boots)
Stlth   ++++                     F - amulet of regeneration
HPRegen 1.09/turn                o - ring of see invisible
MPRegen 0.11/turn                (no ring)

@: mighty, under a protective aura, attractive, wreathed by umbra
A: small, no large weapons, nightstalker 3
a: Renounce Religion, Shadow Step


You were on level 8 of the Dungeon.
You worshipped Dithmenos.
Dithmenos was most pleased with you.
You visited 2 branches of the dungeon, and saw 9 of its levels.
You also visited: Sewer.

You collected 247 gold pieces.
You spent 115 gold pieces at shops.

Inventory:

Hand Weapons
 a - a +0 flail of protection (weapon)
 f - a +3 dagger
 r - a +0 trident
 s - a +0 flail of holy wrath
 H - a +0 war axe
Missiles
 k - 75 stones
 A - 6 poisoned darts (quivered)
Armour
 b - a +0 scale mail
 c - a +0 buckler (worn)
 p - a +1 cloak (worn)
 q - a +0 robe of resistance
 x - a +0 chain mail
 I - +0 steam dragon scales (worn)
 M - a +0 pair of gloves (worn)
Magical Staves
 y - a staff of conjuration
Jewellery
 m - a ring of ice
 o - a ring of see invisible (left hand)
 F - an amulet of regeneration (around neck)
Wands
 D - a wand of light (5)
 E - a wand of paralysis (11)
Scrolls
 g - 4 scrolls of amnesia
 h - a scroll of immolation
 i - a scroll of fear
 l - a scroll of butterflies
 n - a scroll of poison
 t - 2 scrolls of teleportation
 u - 3 scrolls of vulnerability
 v - 3 scrolls of enchant weapon
 z - 3 scrolls of fog
 B - 4 scrolls of enchant armour
 K - 2 scrolls of magic mapping
 P - a scroll of blinking
Potions
 d - 6 potions of might
 e - 3 potions of brilliance
 j - 2 potions of mutation
 w - 2 potions of magic
 C - 2 potions of flight
 G - a potion of curing
 N - a potion of ambrosia
 O - a potion of attraction
 Q - a potion of haste


   Skills:
 + Level 7.5 Fighting
 * Level 8.2 Maces & Flails
 - Level 2.0 Throwing
 - Level 2.4 Armour
 - Level 2.0 Stealth
 + Level 5.7 Shields
 - Level 2.0 Evocations


You had 8 spell levels left.
You didn't know any spells.
Your spell library contained the following spells:

 Spells                   Type           Power      Damage    Failure   Level
 Freeze                   Ice            0%         1d3       50%         1
 Sublimation of Blood     Necr           0%         N/A       65%         2
 Frozen Ramparts          Ice            0%         1d1       86%         3
 Hailstorm                Conj/Ice       0%         3d3       86%         3
 Ice Form                 Ice/Tmut       0%         N/A       99%         4
 Manifold Assault         Tloc           0%         N/A       99%         4
 Dispersal                Tloc           0%         N/A       100%        6
 Simulacrum               Ice/Necr       0%         N/A       100%        6
 Disjunction              Tloc           0%         N/A       100%        8
 Necromutation            Tmut/Necr      0%         N/A       100%        8
 Death's Door             Necr           0%         N/A       100%        9


Dungeon Overview and Level Annotations

Branches:
Dungeon (8/15)             Temple (1/1) D:6           Sewer (visited)
   Lair: D:8-11

Altars:
Dithmenos
Fedhas
Okawaru
Sif Muna
Vehumet
Xom
The Shining One

Shops:
D:3 ?   D:6 :

Annotations:
D:5 Dowan


Innate Abilities, Weirdness & Mutations

You are small and have problems with some larger weapons.
You are completely attuned to the shadows.


Message History

The bullfrog barely misses you.
You closely miss the bullfrog.
The bullfrog is moderately wounded.
The bullfrog closely misses you. The bullfrog completely misses you.
You hit the bullfrog.
The bullfrog is moderately wounded.
The bullfrog closely misses you.
You hit the bullfrog.
The bullfrog is heavily wounded.
You block the bullfrog's attack. The bullfrog closely misses you.
You sock the bullfrog!
The bullfrog is severely wounded.
The bullfrog hits you.
You sock the bullfrog!
You kill the bullfrog!
Dithmenos accepts your kill.
You hit the komodo dragon but do no damage.
The komodo dragon bites you but does no damage.
You sock the komodo dragon!
The komodo dragon is moderately wounded.
The komodo dragon bites you!
You feel very mighty all of a sudden. The komodo dragon bites you.
You hit the komodo dragon.
The komodo dragon is moderately wounded.
The komodo dragon misses you.
You sock the komodo dragon!
The komodo dragon is severely wounded.
The komodo dragon bites you!
You are too injured to fight recklessly!
You thump the komodo dragon!
The komodo dragon is almost dead.
The komodo dragon bites you!
* * * LOW HITPOINT WARNING * * *
Aiming: Bolt of Light
Press: ? - help, Shift-Dir - straight line, f - komodo dragon
Aim: a komodo dragon (almost dead, umbra, 79% to hit)
The bolt of light misses the komodo dragon.
The komodo dragon bites you!!
You die...

...............................'
#.#.#######.##.#†..............#
..#.........##.#...............#
###..#####..##.#.######.########
.....#.......#.#.# #.#
####.#.......#.#.# # #
#.#.......#.#.# #.#.......#.#.#
## #.#####..##.#@####...
#........##.#l##....P
##.......<##.#.#...PP.
#..........[..#.#...F..
#.#.######.####....PPP.
#.#.[......# #...P..##
########## #..Pl.P# .$...P.$#
###P..P.#


You could see a komodo dragon.

Vanquished Creatures
  A hornet (D:8)
  A steam dragon (D:7)
  Menkaure (D:5)
  Edmund (D:5)
  2 black bears
  An orc warrior (D:8)
  An ogre (D:4)
  A centaur (D:7)
  3 kobold brigands
  7 bullfrogs
  2 scorpions
  3 wights (D:8)
  2 howler monkeys (D:7)
  2 jellies (D:6)
  4 hounds
  3 orc priests (D:3)
  3 iguanas
  Jessica (D:2)
  An orc wizard (D:6)
  7 gnolls
  4 adders
  A white imp (D:6)
  2 dart slugs
  12 orcs
  6 bats
  12 endoplasms
  6 giant cockroaches
  8 goblins
  5 hobgoblins
  2 jackals (D:2)
  4 quokkas
  12 ball pythons
  5 frilled lizards
  28 kobolds
  8 rats
  A spectral goblin (D:1)
163 creatures vanquished.

Vanquished Creatures (others)
  3 fungi (D:8)
  6 plants
9 creatures vanquished.

Grand Total: 172 creatures vanquished

Notes
Turn   | Place    | Note
-------+----------+-------------------------------------------
     0 | D:1      | jt the Kobold Fighter began the quest for the Orb.
     0 | D:1      | Reached XP level 1. HP: 14/14 MP: 1/1
    44 | D:1      | Reached skill level 2 in Maces & Flails
   127 | D:1      | Reached XP level 2. HP: 16/19 MP: 2/2
   237 | D:1      | Reached XP level 3. HP: 23/23 MP: 3/3
   378 | D:1      | Found a faded altar of an unknown god.
   384 | D:1      | Prayed at the altar of an unknown god.
   384 | D:1      | Became a worshipper of Dithmenos the Shadowed
   384 | D:1      | Reached * piety under Dithmenos
   727 | D:2      | Noticed Jessica
   735 | D:2      | Killed Jessica
   736 | D:2      | Reached skill level 3 in Maces & Flails
   736 | D:2      | Reached XP level 4. HP: 29/29 MP: 4/4
  1338 | D:2      | Found a radiant altar of Vehumet.
  2342 | D:4      | Reached XP level 5. HP: 33/33 MP: 5/5
  2363 | D:4      | Noticed an ogre
  2414 | D:4      | Found a glowing drain.
  2419 | D:4      | Reached ** piety under Dithmenos
  2472 | Sewer    | Entered a sewer
  2677 | Sewer    | Noticed a kobold brigand
  2688 | Sewer    | Killed a kobold brigand
  2689 | Sewer    | Reached XP level 6. HP: 38/39 MP: 6/6
  2890 | D:4      | Reached skill level 4 in Maces & Flails
  3071 | D:4      | Got the Teachings on Malignant Spells
  3251 | D:4      | Reached skill level 1 in Stealth
  3697 | D:3      | Reached *** piety under Dithmenos
  4472 | D:4      | Killed an ogre
  4473 | D:4      | Reached XP level 7. HP: 44/44 MP: 7/7
  4544 | D:4      | Reached skill level 1 in Throwing
  4621 | D:5      | Entered Level 5 of the Dungeon
  4733 | D:5      | Reached skill level 5 in Fighting
  4820 | D:5      | Noticed Menkaure
  4836 | D:5      | Killed Menkaure
  4837 | D:5      | Reached skill level 5 in Maces & Flails
  4850 | D:5      | Reached XP level 8. HP: 9/50 MP: 8/8
  5221 | D:5      | Found a shimmering blue altar of Sif Muna.
  5276 | D:5      | Noticed Edmund
  5288 | D:5      | Killed Edmund
  5358 | D:5      | Noticed Dowan
  5650 | D:6      | Found a staircase to the Ecumenical Temple.
  5668 | Temple   | Entered the Ecumenical Temple
  5772 | D:6      | Reached skill level 6 in Maces & Flails
  6098 | D:6      | Found an iron altar of Okawaru.
  6167 | D:6      | Reached skill level 1 in Evocations
  6262 | D:7      | Reached XP level 9. HP: 13/56 MP: 9/9
  6413 | D:7      | Reached skill level 7 in Maces & Flails
  6413 | D:7      | Reached skill level 5 in Shields
  6927 | D:3      | Found The Oracle's Delphic Readings.
  6932 | D:3      | Bought a scroll of identify for 20 gold pieces
  6932 | D:3      | Bought a scroll of identify for 20 gold pieces
  6932 | D:3      | Bought a scroll of magic mapping for 75 gold pieces
  7944 | D:6      | Found Ypsor's Book Boutique.
  8647 | D:8      | Noticed a hornet
  8674 | D:8      | Killed a hornet
  8675 | D:8      | Reached skill level 8 in Maces & Flails
  8717 | D:8      | Noticed a komodo dragon
  8753 | D:8      | Mangled by a komodo dragon

Illustrated notes

Levels and vault maps discovered:
D:1:      wander_arrival_abandoned_jail, layout_rooms,
          dreamdust_ecumenical_altar_drowned_temple
D:2:      layout_basic, basic_altar, uniq_jessica
D:3:      layout_basic, nicolae_nh_oracle_at_delphi
D:4:      layout_basic, portal_sewer_entry_a, lightli_minifort
D:5:      layout_basic, lemuel_round_altar, moated_statue, uniq_duvessa,
          uniq_edmund, uniq_menkaure
D:6:      layout_loops_cross, okawaru_ov_weapons_minmay,
          minmay_temple_entry_hall, serial_shops, nicolae_shop_advertising_works
          [nicolae_subvault_shop_adworks]
D:7:      layout_layer_cave, st_stairs_4
D:8:      layout_basic, mainiacjoe_overflow_boulevard,
          grunt_lair_entry_orc_guard_hut, uniq_erica, uniq_joseph,
          uniq_prince_ribbit1
Temple:   mainiacjoe_temple_bowtie_tessellation

Skill      XL: |  1  2  3  4  5  6  7  8  9 |
---------------+----------------------------+-----
Maces & Flails | 2 3 4 5 6 8 |  8.2
Fighting       | 4 5 6 7 |  7.5
Shields        | 3 4 5 |  5.7
Stealth        | 2 |  2.0
Throwing       | 2 |  2.0
Evocations     | 2 |  2.0
Armour         | |  2.4

Action                     |  1- 3 |  4- 6 |  7- 9 || total
---------------------------+-------+-------+-------++-------
  Melee: Flail             |    86 |   231 |   302 ||   619
         War axe           |       |       |    11 ||    11
  Throw: Stone             |       |    10 |       ||    10
         Dart              |       |    15 |    21 ||    36
  Evoke: Wand              |       |       |     6 ||     6
    Use: Scroll            |     4 |     9 |     6 ||    19
         Potion            |       |     6 |     7 ||    13
   Stab: Sleeping          |       |     4 |    10 ||    14
         Distracted        |       |       |     1 ||     1
         Invisible         |       |       |     1 ||     1
 Armour: Scale mail        |    24 |   117 |    67 ||   208
         Steam dragon scal |       |       |    62 ||    62
         Skin              |       |       |     8 ||     8
  Dodge: Dodged            |    39 |   152 |   209 ||   400
  Block: Buckler           |    16 |    73 |    84 ||   173

Table legend: (Time is in decaauts)
 A = Elapsed time spent in this place.
 B = Non-inter-level travel time spent in this place.
 C = Inter-level travel time spent in this place.
 D = Time resting spent in this place.
 E = Time spent auto-exploring this place.
 F = Levels seen in this place.
 G = Mean time per level.
                   A        B        C        D        E       F      G
               +--------+--------+--------+--------+--------+-----+--------+
         Total |   8912 |   8267 |    645 |    937 |   3975 |  10 |  891.2 |
       Dungeon |   8506 |   7866 |    640 |    931 |   3906 |   8 | 1063.2 |
        Temple |     40 |     35 |      5 |      0 |     31 |   1 |   40.0 |
         Sewer |    365 |    365 |      0 |      6 |     37 |   1 |  365.0 |
               +--------+--------+--------+--------+--------+-----+--------+

Top non-repeatable levels by time:
     D:2: 1595 daAuts
     D:4: 1554 daAuts
     D:3: 1429 daAuts
     D:5: 999 daAuts
     D:7: 952 daAuts
     D:6: 831 daAuts
     D:1: 772 daAuts
     D:8: 370 daAuts
   Sewer: 365 daAuts
  Temple: 40 daAuts
